 Dungeon Crawl Stone Soup version 0.31-a0-446-g07c4bd200f (webtiles) character file.

Game seed: 3896693722810405647

709 Ethylacetat the Insei (level 7, -7/39 HPs)
             Began as a Vine Stalker Monk on Aug 3, 2023.
             Mangled by a black bear (8 damage)
             ... on level 5 of the Dungeon.
             The game lasted 00:04:09 (2792 turns).

Ethylacetat the Insei (Vine Stalker Monk)           Turns: 2792, Time: 00:04:10

Health: -7/39      AC:  2    Str: 13    XL:     7   Next: 68%
Magic:  0/14       EV: 13    Int: 10    God:
Gold:   191        SH:  0    Dex: 19    Spells: 14/14 levels left

rFire   . .          .
                       - Unarmed
rCold   . . .        c - orb {light}
rNeg    . . .        a - +0 robe
rPois   .            (no helmet)
rElec   .            (no cloak)
rCorr   .            (no gloves)
SInv    .            (no boots)
Will    .....        (no amulet)
Stlth   +            t - ring of flight
HPRegen 1.06/turn    (no ring)
MPRegen 0.14/turn

%: guardian spirit
@: on berserk cooldown, flying, slowed, glowing, very slow
A: fangs 2, regeneration 1, magic shield, antimagic bite, no potion heal 2
a: no special abilities


You were on level 5 of the Dungeon.
You visited 1 branch of the dungeon, and saw 5 of its levels.

You collected 191 gold pieces.

Inventory:

Armour
 a - a +0 robe (worn)
 c - an orb of light (worn)
Jewellery
 t - a ring of flight (left hand)
Wands
 h - a wand of flame (9)
 n - a wand of digging (4)
Scrolls
 g - a scroll of identify {unknown}
 i - 2 scrolls of revelation {unknown}
 l - 3 scrolls of poison {unknown}
 m - a scroll of torment {unknown}
 o - 2 scrolls of blinking {unknown}
 p - 2 scrolls of enchant weapon {unknown}
 q - a scroll of silence {unknown}
 r - 2 scrolls of vulnerability {unknown}
 s - a scroll of noise {unknown}
 v - a scroll of enchant armour {unknown}
Potions
 b - a potion of ambrosia
 d - 2 potions of curing {unknown}
 e - a potion of mutation {unknown}
 f - 2 potions of berserk rage
 j - 2 potions of haste {unknown}
 k - a potion of invisibility {unknown}
 u - a potion of resistance {unknown}


   Skills:
 + Level 5.1 Fighting
 - Level 2.5 Dodging
 + Level 5.5 Unarmed Combat
 + Level 4.3 Spellcasting


You had 14 spell levels left.
You didn't know any spells.
Your spell library contained the following spells:

 Spells                   Type           Power      Damage    Failure   Level
 Freeze                   Ice            8%         1d3       26%         1
 Shock                    Conj/Air       8%         1d3       26%         1
 Poisonous Vapours        Pois/Air       4%         N/A       36%         2
 Dazzling Flash           Conj/Hex       4%         N/A       58%         3
 Frozen Ramparts          Ice            4%         1d1       58%         3
 Hailstorm                Conj/Ice       2%         3d3       58%         3
 Mephitic Cloud           Conj/Pois/Air  2%         N/A       58%         3
 Swiftness                Air            2%         N/A       58%         3
 Volatile Blastmotes      Fire/Tloc      4%         2d10      58%         3
 Airstrike                Air            1%         2d(1-17)  94%         4
 Freezing Cloud           Conj/Ice/Air   1%         6-21      100%        5
 Starburst                Conj/Fire      1%         6d3       100%        6
 Maxwell's Capacitive Co  Air            1%         ∞         100%        8


Dungeon Overview and Level Annotations

Branches:
Dungeon (5/15)
 Temple: D:4-7

Altars:
Dithmenos
Fedhas
Vehumet

Annotations:
D:5 Pikel


Innate Abilities, Weirdness & Mutations

You have extremely sharp teeth.
Your natural rate of healing is unusually fast.
When hurt, damage is shared between your health and your magic reserves.
Your bite disrupts and absorbs the magic of your enemies.
Potions cannot restore your health.


Message History

The black bear is almost dead.
The black bear goes berserk!
The black bear bites you. The black bear claws you!
The black bear closely misses you.
You hit the black bear but do no damage.
The black bear is almost dead.
The black bear bites you but does no damage.
The black bear misses you. The black bear claws you. The black bear bites you.
The black bear barely misses you. The black bear claws you.
You hit the black bear.
The black bear is almost dead.
The black bear bites you! The black bear closely misses you.
The black bear barely misses you. The black bear bites you!
* * * LOW HITPOINT WARNING * * *
The black bear claws you.
* * * LOW HITPOINT WARNING * * *
The black bear barely misses you.
You are confused.
Your system rejects the healing.
You feel invigorated. The black bear misses you. The black bear claws you.
The black bear closely misses you. The black bear completely misses you.
The black bear claws you.
* * * LOW HITPOINT WARNING * * *
The black bear claws you but does no damage.
You hit the black bear but do no damage.
The black bear is almost dead.
The black bear bites you!
* * * LOW HITPOINT WARNING * * *
The black bear closely misses you. x2; The black bear bites you!
* * * LOW HITPOINT WARNING * * *
The black bear barely misses you. The black bear closely misses you.
You feel less invigorated.
You feel less confused. The black bear closely misses you.
The black bear completely misses you. The black bear closely misses you.
An ogre comes into view. It is wielding a +0 giant club.
Items here: ) [ ††.
The black bear barely misses you. The black bear claws you. x2
* * * LOW HITPOINT WARNING * * *
The black bear bites you!
You die...

# .# #§##
#.§§##
#####.#§#$#
#....§._§§
#...#§#§#.#
#.)@.#.§§
#..h..#§#
#.†K....#
###W##### 55.#
#55w# ## O#...
.# ≈.#)####.##
≈.#.......##.#


You could see Pikel, a black bear (berserk), 4 lemures, a phantom and a worm.

Vanquished Creatures
  Prince Ribbit (D:5)
  Edmund (D:5)
  A phantom (D:5)
  3 hounds
  2 iguanas (D:5)
  An orc wizard (D:5)
  6 adders
  4 gnolls
  3 dart slugs
  5 orcs
  4 ball pythons
  5 bats
  2 endoplasms
  2 giant cockroaches (D:2)
  7 goblins
  13 hobgoblins
  6 kobolds
  2 quokkas (D:4)
  4 frilled lizards
  8 rats
80 creatures vanquished.

Notes
Turn   | Place    | Note
-------+----------+-------------------------------------------
     0 | D:1      | Ethylacetat the Vine Stalker Monk began the quest for the
                  | Orb.
     0 | D:1      | Reached XP level 1. HP: 11/11 MP: 2/2
   130 | D:1      | Reached XP level 2. HP: 16/16 MP: 3/3
   267 | D:1      | Reached XP level 3. HP: 11/20 MP: 2/5
   384 | D:1      | Reached skill level 1 in Spellcasting
   984 | D:2      | Gained mutation: Your natural rate of healing is unusually
                  | fast. [Vine Stalker growth]
   984 | D:2      | Reached XP level 4. HP: 24/24 MP: 7/7
  1555 | D:3      | Found a faded altar of an unknown god.
  1972 | D:4      | Reached XP level 5. HP: 15/29 MP: 3/9
  2453 | D:4      | Reached XP level 6. HP: 28/33 MP: 8/11
  2692 | D:4      | Found a radiant altar of Vehumet.
  2709 | D:4      | Found a blossoming altar of Fedhas.
  2737 | D:5      | Entered Level 5 of the Dungeon
  2752 | D:5      | Found a shadowy altar of Dithmenos.
  2753 | D:5      | Noticed Edmund
  2757 | D:5      | Noticed Prince Ribbit
  2764 | D:5      | Killed Edmund
  2765 | D:5      | Reached XP level 7. HP: 38/38 MP: 9/13
  2769 | D:5      | Killed Prince Ribbit
  2770 | D:5      | Reached skill level 5 in Fighting
  2770 | D:5      | Reached skill level 5 in Unarmed Combat
  2778 | D:5      | Noticed Pikel
  2790 | D:5      | HP: 1/39 [black bear (4)]
  2792 | D:5      | Mangled by a black bear

Illustrated notes

Levels and vault maps discovered:
D:1:      nagdon_arrival_zigzag_paths, layout_loops_ring, kennysheep_doodads
D:2:      layout_rooms, minmay_misc_feat_room
D:3:      layout_basic, chequers_ecumenical_altar_simple
D:4:      layout_basic, mainiacjoe_overflow_swirl
D:5:      layout_loops_cross, grunt_dithmenos_smoke_and_mirrors,
          mainiacjoe_overflow_paths, tgw_kikubaaqudgha, uniq_pikel, uniq_edmund,
          uniq_prince_ribbit1

Skill      XL: |  1  2  3  4  5  6  7 |
---------------+----------------------+-----
Fighting       | 3 4 5 |  5.1
Spellcasting   | 1 2 3 4 |  4.3
Unarmed Combat | 4 5 |  5.5
Dodging        | |  2.5

Action                     |  1- 3 |  4- 6 |  7- 9 || total
---------------------------+-------+-------+-------++-------
  Melee: Unarmed           |    78 |   116 |    23 ||   217
         Bite              |    23 |    44 |    11 ||    78
    Use: Potion            |       |     2 |     1 ||     3
   Stab: Sleeping          |     1 |       |       ||     1
 Armour: Robe              |    11 |     8 |     7 ||    26
  Dodge: Dodged            |    39 |    82 |    36 ||   157

Table legend: (Time is in decaauts)
 A = Elapsed time spent in this place.
 B = Non-inter-level travel time spent in this place.
 C = Inter-level travel time spent in this place.
 D = Time resting spent in this place.
 E = Time spent auto-exploring this place.
 F = Levels seen in this place.
 G = Mean time per level.
                   A        B        C        D        E       F      G
               +--------+--------+--------+--------+--------+-----+--------+
         Total |   2774 |   2681 |     93 |     19 |   2178 |   5 |  554.8 |
       Dungeon |   2774 |   2681 |     93 |     19 |   2178 |   5 |  554.8 |
               +--------+--------+--------+--------+--------+-----+--------+

Top non-repeatable levels by time:
     D:4: 932 daAuts
     D:1: 703 daAuts
     D:3: 559 daAuts
     D:2: 527 daAuts
     D:5: 50 daAuts
